 Dungeon Crawl Stone Soup version 0.19-a0-1155-gb6eeeff (webtiles) character file.

46356 Duffy the Cleaver (level 14, -1/92 HPs)
             Began as a Gargoyle Gladiator on Aug 13, 2016.
             Was the Champion of Cheibriados.
             Slain by Rupert
             ... wielding a +8 battleaxe of freezing
              (27 damage)
             ... on level 4 of the Lair of Beasts.
             The game lasted 00:21:58 (20875 turns).

Duffy the Cleaver (Gargoyle Gladiator)             Turns: 20875, Time: 00:21:59

Health: -1/92      AC: 32    Str: 41    XL:     14   Next: 37%
Magic:  26/31      EV: 19    Int: 30    God:    Cheibriados [******]
Gold:   900        SH:  2    Dex: 30    Spells: 0 memorised, 13 levels left

rFire  . . .     SeeInvis .     a - +2 battleaxe (freeze)
rCold  . . .     Gourm    .     c - +0 plate armour (curse)
rNeg   + . .     Faith    .     (shield currently unavailable)
rPois  ∞         Spirit   .     t - +3 hat of Pondering {ponderous, MR+ MP+10 Int+5}
rElec  +         Dismiss  .     i - +0 cloak
rCorr  .         Reflect  +     B - +0 pair of gloves (curse)
MR     +++..     Harm     .     R - +0 pair of boots
Stlth  ..........               v - +2 amulet of reflection
                                S - +3 ring of strength
                                g - ring of protection from magic

@: agile, flying, very slow
A: big wings, negative energy resistance 1, electricity resistance, unbreathing,
petrification resistance, rot immunity, AC +9
a: Stop Flying, Bend Time, Temporal Distortion, Slouch, Step From Time, Renounce
Religion


You were on level 4 of the Lair of Beasts.
You worshipped Cheibriados.
Cheibriados was exalted by your worship.
You were not hungry.

You visited 3 branches of the dungeon, and saw 17 of its levels.
You also visited: Ice Cave.

You collected 900 gold pieces.


Innate Abilities, Weirdness & Mutations

You are resistant to torment.
Your stone body is resilient. (AC +9)
You are immune to poison.
Your large and strong wings let you fly indefinitely.
You resist negative energy. (rN+)
You are resistant to electric shocks. (rElec)
You can survive without breathing.
You are immune to petrification.
You are immune to rotting.


   Skills:
 + Level 12.0 Fighting
 * Level 14.8 Axes
 - Level 1.7 Throwing
 + Level 11.4 Armour
 + Level 5.2 Dodging
 - Level 10.0 Invocations


You had 13 spell levels left.
You didn't know any spells.

Inventory:

Hand Weapons
 a - a +2 battleaxe of freezing (weapon)
 b - a +1 dire flail of draining
 K - a +0 battleaxe of freezing
Missiles
 d - 2 throwing nets (quivered)
 G - 16 tomahawks
 I - 2 poisoned tomahawks
 O - 2 curare-tipped needles
Armour
 c - a cursed +0 plate armour (worn)
 i - a +0 cloak (worn)
 t - the +3 hat of Pondering (worn) {ponderous, MR+ MP+10 Int+5}

   It affects your intelligence (+5).
   It affects your resistance to hostile enchantments.
   It affects your magic capacity (+10).
 B - a cursed +0 pair of gloves (worn)
 R - a +0 pair of boots (worn)
Jewellery
 g - a ring of protection from magic (left hand)
 h - an uncursed ring of ice
 v - a +2 amulet of reflection (around neck)
 J - an uncursed ring of protection from cold
 Q - an uncursed ring of positive energy
 S - a +3 ring of strength (right hand)
Wands
 w - a wand of iceblast (8/15)
 x - a wand of paralysis (12/24)
 E - a wand of hasting (3/9)
 F - a wand of polymorph (24/24)
 N - a wand of lightning (2/15)
 W - a wand of enslavement (13/24)
Scrolls
 j - a scroll of recharging
 m - a scroll of magic mapping
 o - a scroll of acquirement {unknown}
 q - a scroll of fog
 r - 5 scrolls of remove curse
 s - 4 scrolls of teleportation
 y - a scroll of enchant armour {unknown}
 L - 2 scrolls of enchant weapon
 U - 3 scrolls of immolation
Potions
 e - 2 potions of agility
 n - a potion of haste {unknown}
 p - 5 potions of heal wounds
 u - 5 potions of curing
 z - 4 potions of cancellation
 A - 3 potions of resistance
 C - a potion of ambrosia {unknown}
 D - 3 potions of magic
 H - 3 potions of might {unknown}
 M - a potion of degeneration {unknown}
 V - 4 potions of flight
Comestibles
 f - 12 bread rations
 k - 20 royal jellies
 l - 6 meat rations
 P - a slice of pizza
 T - 9 chunks of flesh

Dungeon Overview and Level Annotations

Branches:
Dungeon (12/15)            Temple (1/1) D:6            Lair (4/6) D:11
 Spider (0/4) Lair:2          Orc (0/2) D:12
  Swamp: Lair:2-4    Shoals: Lair:2-4

Altars:
Ashenzari
Cheibriados
Dithmenos
Elyvilon
Fedhas
Gozag
Hepliaklqana
Kikubaaqudgha
Makhleb
Nemelex Xobeh
Okawaru
Pakellas
Qazlal
Ru
Sif Muna
Trog
Uskayaw
Vehumet
Xom
Yredelemnul
Zin
The Shining One

Annotations:
Lair:4 Rupert


Message History

You closely miss the black mamba.
Rupert roars madly and goes into a rage!
Rupert goes berserk!
The black mamba barely misses you.
You slice the black mamba!! You freeze the black mamba.
The black mamba is almost dead.
The black mamba bites you but does no damage.
You block the black mamba's attack.
You slash the black mamba! You freeze the black mamba.
You kill the black mamba!
Cheibriados thoroughly appreciates the change of pace.
You barely miss Rupert. Rupert misses you.
You hit Rupert. You freeze Rupert.
Rupert is lightly wounded.
Rupert hits you with a battleaxe of freezing.
Rupert freezes you.
You slice Rupert!! You freeze Rupert.
Rupert is lightly wounded.
Rupert hits you with a battleaxe of freezing!
Rupert freezes you.
You slice Rupert!! You freeze Rupert.
Rupert is moderately wounded.
Rupert misses you.
You closely miss Rupert.
Rupert is moderately wounded.
Rupert hits you but does no damage.
You hit Rupert. You freeze Rupert.
Rupert is moderately wounded.
Rupert hits you with a battleaxe of freezing!!
Rupert freezes you.
You are too injured to fight recklessly!
You are too injured to fight recklessly!
You are too injured to fight recklessly!
You are too injured to fight recklessly!
You are too injured to fight recklessly!
You are too injured to fight recklessly!
You are too injured to fight recklessly!
You are too injured to fight recklessly!
You are too injured to fight recklessly!
You are too injured to fight recklessly!
You are too injured to fight recklessly!
You are too injured to fight recklessly!
You are too injured to fight recklessly!
You are too injured to fight recklessly!
You are too injured to fight recklessly!
You are too injured to fight recklessly!
Use which ability? (? or * to list)
You can feel time thicken for a moment.
You feel somewhat more hungry. Rupert hits you but does no damage.
Rupert hits you with a battleaxe of freezing!!
You die...

### ##.####
#####.....##
##.........P# #
#..........##
#.#>.........# ..
###...........### .P...
#....@@..%....#.# .....
#................##....
................##...#
....................#
....................#
..................###
...................#
................##.#
.............# #


You could see Rupert (berserk).

Action                   |  1- 3 |  4- 6 |  7- 9 | 10-12 | 13-15 || total
-------------------------+-------+-------+-------+-------+-------++-------
Melee: War axe           |   155 |   284 |   445 |   675 |       ||  1559
       Battleaxe         |       |       |       |   156 |   510 ||   666
       Dire flail        |       |       |       |       |     8 ||     8
Throw: Throwing net      |       |       |       |     1 |       ||     1
Invok: Temporal Distorti |       |       |       |       |     6 ||     6
       Slouch            |       |       |       |       |     3 ||     3
 Abil: Fly               |       |       |       |       |     1 ||     1
Evoke: Wand              |       |       |       |    11 |       ||    11
  Use: Scroll            |     1 |     3 |     6 |    11 |     4 ||    25
       Potion            |       |       |     4 |       |     4 ||     8
 Stab: Invisible         |       |       |    12 |       |       ||    12
       Held in net/web   |       |       |       |     2 |       ||     2
  Eat: Chunk             |     2 |    10 |    15 |    12 |     8 ||    47
       Beef jerky        |       |       |     1 |       |       ||     1
       Pizza             |       |       |       |     1 |       ||     1
       Meat ration       |       |       |       |       |     1 ||     1
Armor: Leather armour    |    16 |       |       |       |       ||    16
       Ring mail         |    49 |    35 |       |       |       ||    84
       Scale mail        |       |   141 |     9 |       |       ||   150
       Chain mail        |       |       |   206 |       |       ||   206
       Plate armour      |       |       |   158 |   564 |   466 ||  1188
Dodge: Dodged            |   130 |   194 |   249 |   469 |   394 ||  1436
Block: Other             |       |       |    29 |    55 |    55 ||   139
       Reflection        |       |       |       |     4 |     1 ||     5

Notes
Turn   | Place    | Note
-------+----------+-------------------------------------------
     0 | D:1      | Duffy the Gargoyle Gladiator began the quest for the Orb.
     0 | D:1      | Reached XP level 1. HP: 12/12 MP: 1/1
   141 | D:1      | Reached XP level 2. HP: 17/18 MP: 2/2
   170 | D:1      | Reached skill level 3 in Axes
   395 | D:1      | Reached skill level 3 in Fighting
   488 | D:1      | Reached XP level 3. HP: 18/23 MP: 3/3
  1473 | D:2      | Reached XP level 4. HP: 20/29 MP: 4/4
  1914 | D:2      | Reached skill level 4 in Fighting
  2420 | D:2      | Reached skill level 4 in Axes
  2420 | D:2      | Reached XP level 5. HP: 17/33 MP: 5/5
  3097 | D:3      | Found an opulent altar of Gozag.
  3097 | D:3      | Found a glowing golden altar of the Shining One.
  3097 | D:3      | Found a shimmering altar of Xom.
  3097 | D:3      | Found a shattered altar of Ashenzari.
  3105 | D:3      | Found a hazy altar of Hepliaklqana.
  3105 | D:3      | Found a stormy altar of Qazlal.
  3729 | D:3      | Reached skill level 5 in Fighting
  3729 | D:3      | Reached XP level 6. HP: 40/40 MP: 6/6
  4345 | D:5      | Entered Level 5 of the Dungeon
  4380 | D:5      | Reached skill level 5 in Axes
  4450 | D:5      | Reached XP level 7. HP: 41/45 MP: 7/7
  4542 | D:5      | Reached skill level 6 in Fighting
  5713 | D:6      | Reached skill level 7 in Fighting
  5713 | D:6      | Reached skill level 6 in Axes
  5890 | D:6      | Reached XP level 8. HP: 28/53 MP: 8/8
  6391 | D:6      | Found a staircase to the Ecumenical Temple.
  6429 | Temple   | Entered the Ecumenical Temple
  6581 | Temple   | Became a worshipper of Cheibriados the Contemplative
  6731 | D:6      | Reached skill level 8 in Fighting
  6731 | D:6      | Reached skill level 7 in Axes
  7329 | D:7      | Reached XP level 9. HP: 32/60 MP: 9/9
  7497 | D:7      | Reached skill level 9 in Fighting
  7530 | D:7      | Found a bloodstained altar of Trog.
  7547 | D:7      | Reached * piety under Cheibriados
  7632 | D:7      | Reached skill level 8 in Axes
  7821 | D:7      | Paralysed by fainting for 7 turns
  7832 | D:7      | Reached skill level 10 in Fighting
  7871 | D:7      | Reached ** piety under Cheibriados
  8287 | D:8      | Reached skill level 1 in Armour
  8409 | D:8      | Reached skill level 2 in Armour
  8425 | D:8      | Reached skill level 3 in Armour
  8427 | D:8      | Reached skill level 9 in Axes
  8436 | D:8      | Reached XP level 10. HP: 38/68 MP: 10/10
  8654 | D:8      | Reached skill level 4 in Armour
  8663 | D:8      | Reached *** piety under Cheibriados
  8823 | D:8      | Noticed Psyche
  8829 | D:8      | Noticed Prince Ribbit
  8831 | D:8      | Killed Psyche
  8831 | D:8      | Reached skill level 5 in Armour
  8835 | D:8      | Killed Prince Ribbit
  8907 | D:8      | Noticed Maurice
  8932 | D:8      | Killed Maurice
  8935 | D:8      | Reached skill level 6 in Armour
  8947 | D:8      | Found a sacrificial altar of Ru.
  9326 | D:8      | Reached skill level 10 in Axes
  9484 | D:9      | Reached **** piety under Cheibriados
  9486 | D:9      | Noticed Grum
  9499 | D:9      | Killed Grum
  9818 | D:9      | Reached skill level 7 in Armour
 10491 | D:9      | Reached XP level 11. HP: 73/73 MP: 11/11
 10492 | D:9      | Reached ***** piety under Cheibriados
 10550 | D:10     | Entered Level 10 of the Dungeon
 10622 | D:10     | Reached skill level 8 in Armour
 10622 | D:10     | Reached skill level 1 in Invocations
 10667 | D:10     | Noticed a hill giant
 10677 | D:10     | Killed a hill giant
 10677 | D:10     | Reached skill level 2 in Invocations
 11015 | D:10     | Noticed Josephine
 11031 | D:10     | Killed Josephine
 11031 | D:10     | Reached skill level 11 in Axes
 11031 | D:10     | Reached skill level 3 in Invocations
 11444 | D:10     | Killed an unseen horror
 11444 | D:10     | Reached skill level 9 in Armour
 11444 | D:10     | Reached skill level 4 in Invocations
 11876 | D:11     | Reached skill level 5 in Invocations
 12343 | D:11     | Reached XP level 12. HP: 52/78 MP: 16/16
 12533 | D:11     | Found a staircase to the Lair.
 12614 | D:11     | Reached skill level 6 in Invocations
 12621 | D:11     | Reached ****** piety under Cheibriados
 12621 | D:11     | Reached skill level 10 in Armour
 13300 | D:12     | Noticed a death knight
 13548 | D:12     | Reached skill level 12 in Axes
 13666 | D:12     | Reached skill level 7 in Invocations
 13938 | D:12     | Killed a death knight
 14250 | D:12     | Reached skill level 8 in Invocations
 14669 | D:12     | Found a staircase to the Orcish Mines.
 14955 | D:12     | Reached skill level 9 in Invocations
 15204 | Lair:1   | Entered Level 1 of the Lair of Beasts
 15204 | Lair:1   | Noticed Fannar
 15228 | D:11     | Killed Fannar
 15327 | Lair:1   | Noticed Gastronok
 15341 | Lair:1   | Killed Gastronok
 15341 | Lair:1   | Reached skill level 13 in Axes
 15483 | Lair:1   | Reached XP level 13. HP: 83/83 MP: 20/20
 15593 | Lair:1   | Reached skill level 10 in Invocations
 16670 | Lair:2   | Found a hole to the Spider Nest.
 16685 | Lair:2   | Reached skill level 3 in Dodging
 17309 | Lair:2   | Reached skill level 11 in Fighting
 17880 | Lair:3   | Noticed Torax's ghost (novice FeWn)
 17892 | Lair:3   | Reached skill level 14 in Axes
 18036 | Lair:3   | Found a frozen archway.
 18083 | IceCv    | Entered an ice cave
 18586 | IceCv    | Reached skill level 4 in Dodging
 19048 | IceCv    | Reached skill level 11 in Armour
 19048 | IceCv    | Gained mutation: Your large and strong wings let you fly indefinitely. [Gargoyle growth]
 19048 | IceCv    | Reached XP level 14. HP: 54/90 MP: 21/21
 19327 | IceCv    | Noticed a frost giant
 19336 | IceCv    | Killed a frost giant
 19811 | Lair:3   | Killed Torax's ghost
 20013 | Lair:3   | Noticed Nergalle
 20022 | Lair:3   | Killed Nergalle
 20607 | Lair:4   | Noticed Nessos
 20611 | Lair:4   | Killed Nessos
 20611 | Lair:4   | Reached skill level 5 in Dodging
 20794 | Lair:4   | Reached skill level 12 in Fighting
 20865 | Lair:4   | Noticed Rupert
 20875 | Lair:4   | Slain by Rupert

Skill      XL: |  1  2  3  4  5  6  7  8  9 10 11 12 13 14 |
---------------+-------------------------------------------+-----
Axes           | 3 4 5 6 7 9 10 11 13 14 | 14.8
Fighting       | 3 4 5 7 8 10 11 12 | 12.0
Armour         | 3 7 9 10 11 | 11.4
Invocations    | 5 9 10 | 10.0
Dodging        | 4 5 |  5.2
Throwing       | |  1.7

Vault maps used:
D:1:      kennysheep_arrival_forest
D:2:      minmay_pentomino_u2
D:3:      minmay_overflow_temple_hex, minivault_19, grunt_ministairs_6,
          minmay_checkerbox
D:4:      first_bread
D:7:      bloody_trog, st_stairs_14
D:8:      old_standard_altar, uniq_psyche, uniq_prince_ribbit1, uniq_maurice
D:9:      uniq_grum
D:10:     uniq_josephine
D:11:     lair_0_dummy, special_room
D:12:     erik_orc_2
Temple:   zaba_magenta_temple
Lair:1:   serial_bayou_shore_a, uniq_gastronok, uniq_fannar
Lair:2:   nicolae_spider_entry_tight_spaces, hangedman_lair_generics_rect,
          infiniplex_staircase_pool
Lair:3:   portal_ice_cave_entry_ice_beasts, infiniplex_staircase_pool_2,
          grunt_megastairs_3, uniq_nergalle
Lair:4:   minmay_shoals_entry_lonely_mermaid, nicolae_quartered_pool_little,
          minivault_11, beast_lair_carwin_4, uniq_nessos, uniq_rupert
IceCv:    ice_cave_small_giant

Vanquished Creatures
  Gastronok
  A frost giant Nessos Josephine Fannar
  A death knight
  3 hydras Nergalle
  An unseen horror
  The ghost of Torax the Gouger, a novice FeWn of Hepliaklqana
  3 hill giants
  A deep elf mage
  2 ugly things
  A cyclops
  A manticore Maurice
  2 black mambas
  3 ice statues Psyche
  3 gargoyles
  6 spiny frogs
  4 komodo dragons
  A troll
  12 polar bears
  A queen bee
  4 jumping spiders
  12 blink frogs Prince Ribbit
  2 two-headed ogres
  4 redbacks
  4 wraiths
  24 yaks
  2 basilisks
  8 hippogriffs
  3 wyverns Grum
  2 hungry ghosts
  2 steam dragons
  10 porcupines
  8 water moccasins
  8 ice beasts
  3 sky beasts
  A wasp
  10 orc warriors
  4 ogres
  22 wolves
  11 centaurs
  A phantom
  6 crocodiles
  3 big kobolds
  13 giant frogs
  A water moccasin zombie
  4 scorpions
  A water moccasin skeleton
  49 killer bees
  13 wights
  5 electric eels
  7 crimson imps
  2 giant frog zombies
  6 howler monkeys
  A centaur zombie
  2 quasits
  7 hounds
  6 orc priests
  2 giant frog skeletons
  3 jellies
  15 orc wizards
  A centaur skeleton
  7 iguanas
  6 worker ants
  A hound zombie
  A worker ant zombie
  3 gnolls
  18 adders
  39 river rats
  3 shadow imps
  2 oozes
  An adder zombie
  2 adder skeletons
  4 worms
  A dart slug
  6 giant geckos
  61 orcs
  12 bats
  4 giant cockroaches
  11 goblins
  13 hobgoblins
  13 jackals
  9 quokkas
  3 ball pythons
  2 giant gecko skeletons
  A giant gecko zombie
  6 giant newts
  A jackal skeleton
  19 kobolds
  10 rats
  5 fungi
  4 plants
616 creatures vanquished.
